Map: Prion Terraces

Players

LilDicky

  • Race: Terran Terran
  • League: Gold

AniMassacre - Winner!

  • Race: Terran Terran
  • League: Gold

VOD

http://www.twitch.tv/tumescentpie

Description

Time

  • Played on: Nov. 19, 2015, 11:05 p.m.
  • Length: 12:24
Show
View Real Time Build Order
Export as new Build Order

LilDicky Terran 

Build Orders: Command Center First (CC), MMM Bio 

Get SALT Encoding   

  12  0:01  SCV  
  13  0:13  SCV  
  14  0:18  Supply Depot  
  14  0:25  SCV  
  15  0:39  SCV  
  16  0:51  SCV  
  17  1:02  Command Center  
  17  1:04  SCV  
  18  1:16  SCV  
  19  1:23  Barracks  
  19  1:28  SCV  
  20  1:40  Refinery  
  20  1:41  SCV  
  21  1:53  SCV  
  22  2:10  Marine, Orbital Command  
  22  2:14  Supply Depot  
  22  2:24  SCV, Barracks  
  22  2:26  Barracks  
  23  2:30  Marine  
  23  2:36  Orbital Command  
  24  2:39  SCV  
  25  2:47  Marine  
  25  3:03  SCV  
  25  3:04  SCV  
  25  3:05  Marine  
  25  3:15  Marine x2  
  27  3:23  Marine  
  28  3:32  Marine  
  28  3:33  Marine  
  28  3:41  Marine  
  28  3:42  SCV  
  28  3:44  SCV  
  31  3:50  Marine x2  
  33  3:56  Factory  
  33  3:58  Refinery  
  33  3:59  SCV, Marine  
  33  4:00  SCV  
  36  4:08  Marine x2  
  38  4:11  SCV  
  38  4:16  Marine  
  40  4:23  SCV  
  40  4:26  Marine x2  
  42  4:31  Barracks  
  42  4:32  Supply Depot, SCV  
  42  4:33  Barracks  
  42  4:34  Marine  
  44  4:39  SCV  
  44  4:42  Factory Reactor  
  44  4:44  Marine  
  44  4:45  Starport  
  46  4:52  Supply Depot, SCV x2, Marine  
  49  4:57  Supply Depot  
  49  5:03  Marine x2  
  49  5:04  SCV x2  
  53  5:12  Marine  
  54  5:16  SCV x2  
  54  5:19  Barracks Tech Lab  
  54  5:20  Barracks Tech Lab  
  54  5:21  Marine  
  57  5:27  Supply Depot, Medivac  
  57  5:28  Medivac  
  61  5:31  SCV x2  
  61  5:35  Supply Depot, Barracks Reactor, Marine  
  63  5:40  Marine x2  
  63  5:41  Marine  
  67  5:46  Stimpack  
  67  5:51  Refinery  
  67  5:56  Supply Depot  
  67  5:58  SCV  
  67  5:59  Refinery, Marine  
  67  6:03  Combat Shields  
  69  6:10  Marine x2  
  72  6:12  SCV  
  72  6:15  SCV  
  72  6:16  Marine  
  76  6:19  Barracks Reactor  
  76  6:22  Barracks Reactor  
  76  6:23  Marine  
  75  6:27  Marine  
  75  6:28  Marauder  
  78  6:34  Marine  
  78  6:37  SCV  
  78  6:39  Supply Depot  
  81  6:40  SCV, Supply Depot  
  81  6:41  Marine  
  81  6:45  Marine  
  83  6:48  Medivac x2  
  83  6:49  SCV, Marine  
  83  6:52  SCV, Marine  
  91  6:55  Hellion  
  91  7:01  SCV  
  94  7:06  Marine  
  94  7:07  Marauder x2  
  99  7:09  Marine x2  
  99  7:14  Supply Depot, SCV  
  99  7:15  SCV  
  103  7:22  Concussive Shells  
  103  7:28  Marauder  
  92  8:02  Marine x2  
  92  8:03  Marine x3  
  92  8:04  Marauder x2  
  92  8:22  Marine x4  
  92  8:25  Marauder x2  
  88  8:36  Marine x2  
  88  8:38  Medivac x2  
  90  8:44  Marine  
  90  8:45  Marine  
  90  8:46  SCV, Marauder x2  
  90  8:47  SCV  
  98  8:49  Command Center  
  98  9:08  Medivac x2, Marauder  
  104  9:15  Marine x5  
  104  9:16  Marauder  
  111  9:20  Supply Depot  
  111  9:21  Marine  
  111  9:22  Supply Depot, Barracks x3  
  111  9:23  Barracks  
  109  9:29  Marauder  
  103  9:35  Marine x2  
  103  9:37  Marauder  
  100  9:50  Marauder  
  102  9:59  Marine x2  
  91  10:00  Marauder  
  91  10:05  Marine  
  92  10:08  Medivac x2  
  92  10:12  Marauder  
  92  10:13  Marine  
  99  10:16  Orbital Command  
  99  10:18  SCV x2  
  101  10:22  Marauder  
  101  10:26  Marine x4  
  107  10:28  Barracks Tech Lab  
  107  10:30  Barracks Tech Lab  
  107  10:32  Marine  
  107  10:33  Marauder  
  110  10:35  Barracks Tech Lab x2  
  110  10:39  Command Center  
  110  10:41  Marine  
  111  10:43  Marauder  
  111  10:44  Marine x2  
  113  10:55  Marauder  
  97  10:59  Marine  
  97  11:01  Marauder x2  
  100  11:04  Marauder  
  100  11:07  Marine  
  100  11:08  Marine x6  
  98  11:15  Marine  
  98  11:17  Marine  
  98  11:21  Marine  
  98  11:22  Marauder  
  98  11:25  Marine  
  101  11:26  Marauder x2, Marine x4  
  101  11:27  Marauder  
  112  11:34  Marauder  
  112  11:35  Marine  
  112  11:39  Marine  
  113  11:45  Marine  
  113  11:46  Marine x4  
  119  11:47  Marine, Marauder x2  
  119  11:48  Marauder  
  119  11:49  Medivac x2  
  119  11:53  Engineering Bay, Marine  
  122  11:55  Marauder  
  122  11:57  Engineering Bay  
  120  12:04  SCV x2  
  120  12:05  Marine x3  
Show
View Real Time Build Order
Export as new Build Order

AniMassacre Terran - Winner!

Build Orders: MMM Bio 

Get SALT Encoding   

  12  0:00  SCV  
  13  0:12  SCV  
  14  0:18  Supply Depot  
  14  0:24  SCV  
  15  0:39  SCV  
  15  0:41  Barracks  
  16  0:44  Refinery  
  16  0:51  SCV  
  16  0:55  Supply Depot  
  17  1:03  SCV  
  18  1:12  Barracks  
  18  1:16  SCV  
  19  1:29  Reaper  
  20  1:33  Orbital Command  
  20  2:01  Reaper  
  20  2:05  SCV  
  20  2:07  Reaper  
  23  2:18  Command Center  
  23  2:20  SCV  
  24  2:29  Refinery  
  24  2:32  SCV  
  24  2:37  Barracks Reactor  
  25  2:40  Barracks Tech Lab  
  25  2:44  SCV  
  26  3:01  Reaper  
  26  3:05  SCV  
  28  3:09  Barracks  
  28  3:11  Barracks  
  28  3:17  SCV  
  29  3:23  Marine x2  
  30  3:33  Orbital Command  
  30  3:43  SCV  
  30  3:44  Marine x3  
  34  3:55  SCV  
  34  3:59  SCV  
  36  4:03  Barracks Reactor, Barracks Tech Lab, Marine x3  
  38  4:13  SCV x2  
  40  4:24  Refinery x2  
  39  4:31  SCV x2  
  41  4:35  Command Center  
  41  4:36  Stimpack  
  41  4:37  Factory  
  41  4:43  SCV x2  
  43  4:52  Combat Shields  
  43  4:55  SCV x2  
  45  5:01  Marine  
  46  5:12  Supply Depot x2  
  46  5:15  Engineering Bay  
  46  5:21  Engineering Bay  
  46  5:27  Starport  
  46  5:29  Factory Reactor  
  46  5:33  Marine x3  
  46  5:34  SCV x2, Marauder x2  
  55  5:37  Marine  
  55  5:41  Supply Depot  
  56  5:45  Supply Depot  
  56  5:46  SCV  
  57  5:50  Orbital Command  
  57  5:55  SCV  
  58  5:58  SCV  
  58  5:59  Terran Infantry Weapons Level 1  
  58  6:03  Terran Infantry Armor Level 1  
  59  6:10  SCV x2  
  61  6:15  Medivac  
  61  6:16  Medivac  
  65  6:19  SCV  
  65  6:21  Marine x3  
  65  6:23  SCV  
  65  6:24  SCV  
  71  6:31  SCV, Concussive Shells  
  71  6:32  Marine  
  72  6:33  Marauder  
  72  6:35  SCV  
  72  6:36  SCV  
  77  6:40  Supply Depot  
  77  6:41  Supply Depot, Marauder  
  77  6:42  Supply Depot  
  77  6:43  SCV  
  80  6:47  SCV  
  80  6:48  Medivac x2  
  85  6:54  Barracks  
  85  6:58  Barracks  
  85  7:01  Marauder, Marine  
  88  7:03  Barracks, Marauder  
  90  7:12  Refinery x2  
  90  7:15  SCV x3, Marine  
  93  7:21  Marine x2, Medivac  
  100  7:23  Factory Tech Lab  
  100  7:26  Command Center  
  100  7:27  SCV  
  101  7:31  Medivac  
  101  7:38  Marine  
  101  7:39  Marauder  
  105  7:46  Marine  
  105  7:50  Marine x2  
  107  8:04  Starport Reactor  
  110  8:09  Barracks Reactor x2, Barracks Tech Lab x2  
  110  8:11  Marauder, Marine x2  
  105  8:16  Marine  
  101  8:20  SCV x2  
  93  8:29  Marine x2  
  93  8:33  Marine, Marauder  
  93  8:34  Armory, Marauder, Marine  
  90  8:43  Medivac  
  90  8:44  Medivac  
  90  8:46  Marine  
  90  8:47  Marine  
  90  8:48  Marine x3  
  99  8:49  Barracks  
  99  8:50  Barracks x2, Orbital Command  
  99  8:52  SCV x3  
  99  8:54  Marauder, Barracks, Marine x2  
  106  9:02  Marine x2  
  106  9:04  SCV x2  
  106  9:06  Sensor Tower  
  110  9:13  Medivac  
  110  9:14  Marine x2  
  110  9:15  Marauder  
  110  9:16  Marauder  
  117  9:21  Marine  
  117  9:22  Marauder x2, Marine x2  
  124  9:26  Marine  
  116  9:32  Marine  
  116  9:33  Marine  
  116  9:36  Marauder  
  116  9:37  Marauder  
  121  9:39  Marine  
  121  9:40  Terran Infantry Weapons Level 2  
  121  9:41  Terran Infantry Armor Level 2  
  121  9:42  Marine  
  121  9:43  Medivac  
  126  9:46  Marine x2  
  126  9:47  Marauder  
  126  9:51  Marine x3  
  126  9:52  Marauder  
  126  9:57  Marine  
  126  9:58  Marine, Marauder  
  121  10:00  Marine  
  121  10:06  Marine  
  121  10:07  Marine  
  121  10:08  Marauder  
  124  10:14  Barracks Reactor, Barracks Tech Lab  
  124  10:15  Marine  
  124  10:16  Marauder  
  127  10:29  Barracks Reactor x2, Barracks Tech Lab x2  
  127  10:30  Marauder, Marine x2  
  127  10:34  Starport Reactor  
  131  10:39  Missile Turret  
  131  10:41  Missile Turret, Marine  
  131  10:42  Missile Turret x2, Marauder  
  132  10:44  Missile Turret, Marine  
  132  10:47  Command Center, Supply Depot, Marauder  
  132  10:49  Marine  
  131  10:50  Marine  
  131  10:52  Marauder  
  131  10:55  Marauder, Marine x2  
  136  11:02  Marine x3  
  136  11:03  Marauder  
  140  11:05  Command Center  
  140  11:09  Marauder  
  140  11:12  Medivac x2  
  140  11:13  Marauder  
  146  11:19  Marine x2  
  146  11:24  Marine  
  146  11:25  Marine  
  148  11:28  Marine  
  148  11:29  Marine x2  
  148  11:31  Marauder  
  148  11:33  Marauder  
  148  11:34  Marauder  
  148  11:46  Marine  
  148  11:47  Marine x2  
  148  11:48  Marine  
  148  11:49  Marine x2  
  148  11:50  Marine  
  148  11:53  Marauder  
  148  11:54  Supply Depot  
  148  11:55  Supply Depot x2  
  148  11:57  Marine x2  
  148  11:59  Marauder x3  
  152  12:02  Marine x2  
Tags
 
Add a new tag
Caveats
  • Supply blocks, unpowered buildings, or Contaminate may cause inaccurate times.
  • Supply counts are checked every 10 seconds.